 Dungeon Crawl Stone Soup version 0.19.5 (webtiles) character file.

2128 tognito the Cleaver (level 9, -1/105 HPs)
             Began as a Minotaur Berserker on June 4, 2017.
             Was an Elder of Trog.
             Slain by a white ugly thing (20 damage)
             ... on level 6 of the Dungeon.
             The game lasted 00:12:20 (4686 turns).

tognito the Cleaver (Minotaur Berserker)            Turns: 4686, Time: 00:12:22

Health: -1/105     AC:  9    Str: 33    XL:     9   Next: 8%
Magic:  8/8        EV:  9    Int:  2    God:    Trog [****..]
Gold:   341        SH:  0    Dex: 11    Spells: 0 memorised, 8 levels left

rFire  . . .     SeeInvis .     a - +0 battleaxe
rCold  . . .     Gourm    .     p - +0 chain mail (curse)
rNeg   . . .     Faith    .     (shield currently unavailable)
rPois  .         Spirit   .     (helmet restricted)
rElec  .         Reflect  .     l - +0 cloak
rCorr  .         Harm     .     (no gloves)
MR     +....                    (no boots)
Stlth  ..........               (no amulet)
                                q - +2 ring of strength
                                m - +2 ring of strength

@: berserking (expiring), very quick
A: retaliatory headbutt, hooves 1, horns 2, dopey 1, magic resistance 1
a: Berserk, Trog's Hand, Brothers in Arms, Burn Spellbooks, Renounce Religion


You were on level 6 of the Dungeon.
You worshipped Trog.
Trog was greatly pleased with you.
You were very hungry.

You visited 1 branch of the dungeon, and saw 6 of its levels.

You collected 341 gold pieces.

Inventory:

Hand Weapons
 a - a +0 battleaxe (weapon)
 o - a +1 war axe
Missiles
 f - 70 arrows
 j - 27 bolts
Armour
 l - a +0 cloak (worn)
 p - a cursed +0 chain mail (worn)
Jewellery
 m - a +2 ring of strength (left hand)
 q - a +2 ring of strength (right hand)
Wands
 u - a wand of flame (29/48)
Scrolls
 d - 3 scrolls of identify
 e - 2 scrolls of magic mapping
 h - 2 scrolls of remove curse
 n - a scroll of enchant weapon
Potions
 g - 2 potions of curing
Comestibles
 b - 5 chunks of flesh
 c - 6 bread rations
 i - 3 royal jellies
 r - 4 meat rations


   Skills:
 - Level 3.6 Fighting
 + Level 13.9 Axes
 - Level 2.4 Armour
 - Level 2.1 Dodging
 + Level 1.4 Stealth


You had 8 spell levels left.
You didn't know any spells.

Dungeon Overview and Level Annotations

Branches:
Dungeon (6/15)             Temple (0/1) D:5

Altars:
Dithmenos
Hepliaklqana
Kikubaaqudgha
Vehumet
Yredelemnul

Shops:
D:5 *!!(=


Innate Abilities, Weirdness & Mutations

You reflexively headbutt those who attack you in melee.
You have a pair of horns on your head.
You have large cloven feet.
You are dopey. (Int -2)
You are resistant to hostile enchantments. (MR+)


Message History

The orc warrior barely misses you.
The white ugly thing tentacle-slaps you but does no damage.
The orc hits you but does no damage.
You barely miss the white ugly thing. You kick the white ugly thing.
The white ugly thing is moderately wounded.
You slash the orc warrior! You closely miss the orc.
Unknown command.
You completely miss the white ugly thing.
You kick the white ugly thing! You headbutt the white ugly thing!
The white ugly thing is severely wounded.
You slash the orc warrior!
You kill the orc warrior!
Trog accepts your kill.
You slash the orc!
You kill the orc!
Trog accepts your kill.
The white ugly thing tentacle-slaps you.
* * * LOW HITPOINT WARNING * * *
The white ugly thing freezes you!!
You die...

...#.....#...
#..#..#..#..# #
#..#..#..#..# .#
#.....#.....# .#
#.....#..... ..#
##################..#
...[............))..#
................@uo.#
##################..#
....S#...o.# ....# .#
.....#.....#.....# #
###..#..#.Z#..#..#
#..#S.#..#..#..#
#.....#.....#...
#.... #.... #$..


You could see a white ugly thing and an orc.

Vanquished Creatures
  The ghost of Azzok the Skirmisher, an amateur CeFi (D:4)
  Grinder (D:5)
  Edmund (D:4)
  Duvessa (D:5)
  2 orc warriors
  A black bear (D:4)
  2 ogres
  5 big kobolds (D:5)
  Dowan (D:5)
  A crimson imp (D:6)
  A hound (D:5)
  Crazy Yiuf (D:2)
  An orc priest (D:4)
  7 orc wizards
  3 worker ants
  6 adders
  7 gnolls
  A howler monkey skeleton (D:5)
  An ooze (D:1)
  2 worms
  3 dart slugs (D:1)
  18 orcs
  3 bats
  3 giant cockroaches
  7 goblins
  8 hobgoblins
  2 jackals (D:2)
  A quokka (D:5)
  A ball python (D:4)
  5 frilled lizards
  51 kobolds
  5 rats
153 creatures vanquished.

Notes
Turn   | Place    | Note
-------+----------+-------------------------------------------
     0 | D:1      | tognito the Minotaur Berserker began the quest for the Orb.
     0 | D:1      | Reached XP level 1. HP: 19/19 MP: 0/0
    23 | D:1      | Reached skill level 4 in Axes
    35 | D:1      | Reached XP level 2. HP: 13/26 MP: 1/1
   736 | D:1      | Reached skill level 5 in Axes
   841 | D:1      | Reached XP level 3. HP: 30/31 MP: 2/2
   861 | D:2      | Found an ancient bone altar of Kikubaaqudgha.
  1225 | D:2      | Found a runed door.
  1229 | D:2      | Noticed Crazy Yiuf
  1236 | D:2      | Killed Crazy Yiuf
  1236 | D:2      | Reached skill level 6 in Axes
  1236 | D:2      | Reached XP level 4. HP: 29/39 MP: 3/3
  1471 | D:3      | Reached ** piety under Trog
  1655 | D:3      | Reached XP level 5. HP: 38/45 MP: 4/4
  1670 | D:3      | Reached skill level 7 in Axes
  2038 | D:4      | Noticed a black bear
  2041 | D:4      | Killed a black bear
  2041 | D:4      | Reached skill level 8 in Axes
  2041 | D:4      | Reached XP level 6. HP: 47/51 MP: 5/5
  2357 | D:4      | Found a hazy altar of Hepliaklqana.
  2471 | D:4      | Noticed Edmund
  2487 | D:4      | Killed Edmund
  2487 | D:4      | Reached skill level 9 in Axes
  2598 | D:4      | Found a basalt altar of Yredelemnul.
  2613 | D:4      | Noticed Azzok's ghost (amateur CeFi)
  2618 | D:4      | Reached XP level 7. HP: 24/57 MP: 6/6
  2622 | D:4      | Killed Azzok's ghost
  2622 | D:4      | Reached skill level 10 in Axes
  2862 | D:4      | Gained mutation: You are dopey. (Int -2) [potion of mutation]
  2862 | D:4      | Gained mutation: You are resistant to hostile enchantments. (MR+) [potion of mutation]
  2862 | D:4      | Gained mutation: You have large cloven feet. [potion of mutation]
  3195 | D:5      | Entered Level 5 of the Dungeon
  3200 | D:5      | Found Refof's Antique Weapon Emporium.
  3201 | D:5      | Noticed Duvessa
  3207 | D:5      | Killed Duvessa
  3211 | D:5      | Noticed Dowan
  3212 | D:5      | Found Qualof's Jewellery Emporium.
  3222 | D:5      | Killed Dowan
  3222 | D:5      | Reached *** piety under Trog
  3222 | D:5      | Reached skill level 11 in Axes
  3222 | D:5      | Reached skill level 1 in Stealth
  3437 | D:5      | Noticed Grinder
  3439 | D:5      | Found a radiant altar of Vehumet.
  3444 | D:5      | Killed Grinder
  3444 | D:5      | Reached XP level 8. HP: 42/64 MP: 7/7
  3665 | D:5      | Found Mysaj's Distillery.
  3688 | D:5      | Found Weum's Assorted Antiques.
  3777 | D:5      | Found Amecis's Distillery.
  3810 | D:5      | Found a staircase to the Ecumenical Temple.
  4015 | D:5      | Reached skill level 12 in Axes
  4171 | D:5      | Reached **** piety under Trog
  4325 | D:5      | Reached skill level 13 in Axes
  4606 | D:6      | Found a shadowy altar of Dithmenos.
  4637 | D:6      | Reached XP level 9. HP: 68/70 MP: 8/8
  4680 | D:6      | Noticed a white ugly thing
  4686 | D:6      | Slain by a white ugly thing

Skill      XL: |  1  2  3  4  5  6  7  8 |
---------------+-------------------------+-----
Axes           | 4 5 6 8 9 11 13 | 13.9
Stealth        | 1 |  1.4
Fighting       | |  3.6
Armour         | |  2.4
Dodging        | |  2.1

Action                   |  1- 3 |  4- 6 |  7- 9 || total
-------------------------+-------+-------+-------++-------
Melee: Hand axe          |    49 |    80 |       ||   129
       Headbutt          |    11 |    19 |    27 ||    57
       War axe           |       |    40 |    72 ||   112
       Kick              |       |       |    41 ||    41
       Battleaxe         |       |       |    64 ||    64
Invok: Berserk           |     1 |     2 |     1 ||     4
  Use: Potion            |     3 |       |     5 ||     8
       Scroll            |       |     6 |     2 ||     8
  Eat: Chunk             |     1 |     6 |     8 ||    15
Armor: Animal skin       |     3 |       |       ||     3
       Scale mail        |    10 |    56 |    31 ||    97
       Chain mail        |       |       |    29 ||    29
Dodge: Dodged            |    18 |    46 |    78 ||   142
